 Dungeon Crawl Stone Soup version 0.28-a0-535-g6f645e4c1d (webtiles) character file.

Game seed: 8982884490781234921

62 olourkin the Firebug (level 3, 0/24 HPs)
             Began as a Demonspawn Fire Elementalist on Sept 27, 2021.
             Slain by a bullfrog (2 damage)
             ... on level 2 of the Dungeon.
             The game lasted 00:20:58 (3275 turns).

olourkin the Firebug (Demonspawn Fire Elementalist) Turns: 3275, Time: 00:20:59

Health: 0/24       AC:  5    Str:  8    XL:     3   Next: 85%
Magic:  1/6        EV: 12    Int: 17    God:
Gold:   97         SH:  0    Dex: 13    Spells: 3/6 levels left

rFire   . . .      SeeInvis .   (no weapon)
rCold   . . .      Faith    .   (no shield)
rNeg    . . .      Spirit   .   a - +0 robe
rPois   .          Reflect  .   d - +0 helmet
rElec   .          Harm     .   (no cloak)
rCorr   .          Rampage  .   (no gloves)
Will    .....                   (no boots)
Stlth   ++........              (no amulet)
HPRegen 0.08/turn               (no ring)
MPRegen 0.10/turn               (no ring)

@: no status effects
A: slimy green scales 1
a: no special abilities


You were on level 2 of the Dungeon.
You visited 1 branch of the dungeon, and saw 3 of its levels.

You collected 97 gold pieces.

Inventory:

Missiles
 e - 84 stones
Armour
 a - a +0 robe (worn)
 d - a +0 helmet (worn)
Scrolls
 c - a scroll of torment {unknown}
Potions
 b - a potion of might {unknown}
 f - 2 potions of berserk rage {unknown}


   Skills:
 - Level 1.9 Dodging
 - Level 2.0 Stealth
 - Level 2.1 Spellcasting
 - Level 1.2 Conjurations
 + Level 4.0 Fire Magic


You had 3 spell levels left.
You knew the following spells:

 Your Spells              Type           Power      Damage    Failure   Level
u - Scorch                Fire           30%        2d6       5%          2
y - Foxfire               Conj/Fire      40%        2x1d6     6%          1

Your spell library contained the following spells:

 Spells                   Type           Power      Damage    Failure   Level
 Conjure Flame            Conj/Fire      10%        6-21      19%         3
 Inner Flame              Hex/Fire       8%         N/A       26%         3
 Flame Wave               Conj/Fire      10%        3d4       54%         4


Dungeon Overview and Level Annotations

Branches:
Dungeon (3/15)

Altars:
Gozag

Shops:
D:2 !


Innate Abilities, Weirdness & Mutations

You are partially covered in slimy green scales. (AC +2)


Message History

Confirm with . or Enter, or press ? or * to list all spells.
Flames lash the bullfrog.
The bullfrog is moderately wounded.
The bullfrog's fire resistance burns away.
The bullfrog barely misses you. The orc hits you but does no damage.
Casting: Scorch (safe; 5% risk of failure)
Confirm with . or Enter, or press ? or * to list all spells.
Flames lash the orc.
You kill the orc!
The bullfrog closely misses you. x2
The bullfrog hits you.
* * * LOW HITPOINT WARNING * * *
Things that are here:
a +0 hand axe; an orc skeleton The bullfrog is no longer more vulnerable to fire.
Casting: Scorch (safe; 5% risk of failure)
Confirm with . or Enter, or press ? or * to list all spells.
Flames lash the bullfrog.
The bullfrog is heavily wounded.
The bullfrog's fire resistance burns away.
The bullfrog hits you.
* * * LOW HITPOINT WARNING * * *
The bullfrog completely misses you.
You hit the bullfrog but do no damage.
The bullfrog is heavily wounded.
The bullfrog closely misses you.
You closely miss the bullfrog.
The bullfrog is heavily wounded.
The bullfrog hits you but does no damage.
The bullfrog hits you.
* * * LOW HITPOINT WARNING * * *
The bullfrog is no longer more vulnerable to fire.
The bullfrog hits you but does no damage.
The bullfrog misses you. The bullfrog closely misses you.
The bullfrog hits you but does no damage.
The bullfrog hits you.
* * * LOW HITPOINT WARNING * * *
The bullfrog hits you.
You die...

........# #.#............(.#
.......#######.#.###.######+#.#
######.#....(.................#
#...#####.#.##.#######.###
###..#<..#.#....# #...†.#
#....###.#.########.#########
#.##.....#.#.....##.........#
#####.##..####.#.###.##########.#
#.....###.####.#@###.# #.#
.................F##.## #.#
#.#........#####).....## #..
#..........## ##......# ###
#...........# #......# #..
#.........#.## #......########.#
..........#..# #............##.#
..........##'####......#####.##.#
..........#...##.......# #....#


You could see a bullfrog.

Vanquished Creatures
  2 adders (D:2)
  2 dart slugs
  3 orcs
  2 ball pythons
  4 endoplasms
  2 giant cockroaches
  A goblin (D:1)
  4 hobgoblins
  4 jackals (D:2)
  3 kobolds (D:1)
  2 bats (D:1)
  A frilled lizard (D:2)
  3 rats
33 creatures vanquished.

Vanquished Creatures (others)
  62 foxfires
62 creatures vanquished.

Grand Total: 95 creatures vanquished

Notes
Turn   | Place    | Note
-------+----------+-------------------------------------------
     0 | D:1      | olourkin the Demonspawn Fire Elementalist began the quest
                  | for the Orb.
     0 | D:1      | Reached XP level 1. HP: 13/13 MP: 3/3
   285 | D:1      | Gained mutation: You are partially covered in slimy green
                  | scales. (AC +2) [demonic ancestry]
   285 | D:1      | Reached XP level 2. HP: 19/19 MP: 1/5
   366 | D:1      | Learned a level 2 spell: Scorch
   527 | D:1      | Reached skill level 3 in Fire Magic
  1266 | D:2      | Found a faded altar of an unknown god.
  1521 | D:2      | Reached XP level 3. HP: 18/24 MP: 3/6
  1796 | D:2      | Found Dotoiwua's Distillery.
  1802 | D:2      | Found an opulent altar of Gozag.
  2941 | D:3      | Noticed a bullfrog
  2943 | D:3      | Reached skill level 4 in Fire Magic
  3275 | D:2      | Slain by a bullfrog

Illustrated notes

Levels and vault maps discovered:
D:1:      lemuel_arrival_hallway, layout_loops_ring
D:2:      layout_basic, hellmonk_ecumenical_altar_heavens_door, basic_altar,
          serial_shops, shop_fountains, grunt_decor_mini_mirrors
D:3:      layout_basic, nicolae_ru_the_path_less_chosen,
          mainiacjoe_overflow_catwalk_spiral

Skill      XL: |  1  2  3 |
---------------+----------+-----
Stealth        | 2 |  2.0
Fire Magic     | 3 4 |  4.0
Dodging        | |  1.9
Spellcasting   | |  2.1
Conjurations   | |  1.2

Action                   || total
-------------------------++-------
Melee: Unarmed           ||   125
 Cast: Foxfire           ||    46
       Scorch            ||    16
 Stab: Sleeping          ||     1
Armor: Robe              ||    55
Dodge: Dodged            ||   120

Table legend: (Time is in decaauts)
 A = Elapsed time spent in this place.
 B = Non-inter-level travel time spent in this place.
 C = Inter-level travel time spent in this place.
 D = Time resting spent in this place.
 E = Time spent auto-exploring this place.
 F = Levels seen in this place.
 G = Mean time per level.
                   A        B        C        D        E       F      G
               +--------+--------+--------+--------+--------+-----+--------+
         Total |   3277 |   3219 |     58 |   1236 |   1209 |   3 | 1092.3 |
       Dungeon |   3277 |   3219 |     58 |   1236 |   1209 |   3 | 1092.3 |
               +--------+--------+--------+--------+--------+-----+--------+

Top non-repeatable levels by time:
     D:2: 1571 daAuts
     D:1: 1359 daAuts
     D:3: 346 daAuts
